 Dungeon Crawl Stone Soup version 0.31-a0-174-g85c54bcb58 (webtiles) character file.

Game seed: 16414061234953636955

1133 lunkers the Basher (level 8, -7/63 HPs)
             Began as a Meteoran Fighter on June 15, 2023.
             Was a Follower of Okawaru.
             Mangled by an ogre
             ... wielding a +0 giant club
              (31 damage)
             ... on level 6 of the Dungeon.
             The game lasted 00:05:00 (1936 turns).

lunkers the Basher (Meteoran Fighter)               Turns: 1936, Time: 00:05:00

Health: -7/63      AC:  6    Str: 17    XL:     8   Next: 94%
Magic:  9/9        EV:  9    Int: 11    God:    Okawaru [*.....]
Gold:   263        SH:  6    Dex: 21    Spells: 7/7 levels left

rFire   . . .        b - +3 war axe
rCold   . . .        c - +0 buckler
rNeg    . . .        r - +0 scale mail
rPois   .            (no helmet)
rElec   .            (no cloak)
rCorr   .            (no gloves)
SInv    .            (no boots)
Will    +....        (no amulet) Stlth
                     f - +6 ring of dexterity
HPRegen 0.30/turn    (no ring)
MPRegen 0.11/turn

%: no passive effects
@: glowing
A: sense surroundings 1, otherworldly, glowing, explore regen
a: Renounce Religion, Heroism


You were on level 6 of the Dungeon.
You worshipped Okawaru.
Okawaru was aware of your devotion.
You visited 2 branches of the dungeon, and saw 7 of its levels.

You collected 263 gold pieces.

Inventory:

Hand Weapons
 a - a +0 flail
 b - a +3 war axe (weapon)
Missiles
 e - 2 throwing nets
Armour
 c - a +0 buckler (worn)
 r - a +0 scale mail (worn)
Jewellery
 f - a +6 ring of dexterity (left hand)
 q - a ring of ice
Scrolls
 g - a scroll of amnesia {unknown}
 i - 2 scrolls of teleportation {unknown}
 m - a scroll of blinking {unknown}
 n - 3 scrolls of identify {unknown}
 o - a scroll of torment {unknown}
 p - a scroll of enchant armour {unknown}
Potions
 d - a potion of mutation {unknown}
 h - a potion of heal wounds {unknown}
 j - a potion of resistance {unknown}
 k - a potion of degeneration {unknown}
 l - a potion of attraction {unknown}


   Skills:
 - Level 3.2 Fighting
 + Level 6.5(9.0) Axes
 - Level 10.6(11.5) Maces & Flails
 - Level 3.6 Armour
 - Level 3.6 Shields


You had 7 spell levels left.
You didn't know any spells.
Your spell library contained the following spells:

 Spells                   Type           Power      Damage    Failure   Level
 Apportation              Tloc           0%         N/A       83%         1
 Foxfire                  Conj/Fire      0%         2x1d4     83%         1
 Necrotise                Necr           0%         1d4       83%         1
 Shock                    Conj/Air       0%         1d3       83%         1
 Poisonous Vapours        Pois/Air       0%         N/A       92%         2
 Mephitic Cloud           Conj/Pois/Air  0%         N/A       99%         3
 Swiftness                Air            0%         N/A       99%         3
 Vampiric Draining        Necr           0%         2d6       99%         3
 Airstrike                Air            0%         2d(0-16)  100%        4
 Agony                    Necr           0%         N/A       100%        5
 Fireball                 Conj/Fire      0%         3d3       100%        5
 Freezing Cloud           Conj/Ice/Air   0%         6-21      100%        5
 Plasma Beam              Fire/Air       0%         2x1d10    100%        6
 Starburst                Conj/Fire      0%         6d3       100%        6
 Summon Small Mammal      Summ           Unusable   N/A       N/A         1

Dungeon Overview and Level Annotations

Branches:
Dungeon (6/15) Zot: 2648   Temple (1/1) D:4 Zot: 628

Altars:
Cheibriados
Dithmenos
Elyvilon
Fedhas
Gozag
Makhleb
Okawaru
Qazlal
Trog
Xom
Zin

Shops:
D:1 :   D:2 (   D:5 (


Innate Abilities, Weirdness & Mutations

You passively map a small area around you.
You are easily found by Zot.
You glow in the dark.
You regain HP and MP as you explore.


Message History

The kobold brigand hits you with a +0 short sword.
* * * LOW HITPOINT WARNING * * *
You hit the kobold brigand.
The kobold brigand is almost dead.
The kobold brigand hits you with a +0 short sword.
* * * LOW HITPOINT WARNING * * *
You barely miss the kobold brigand.
The kobold brigand is almost dead.
The kobold brigand hits you with a +0 short sword.
* * * LOW HITPOINT WARNING * * *
You hit the kobold brigand.
You kill the kobold brigand!
Okawaru accepts your kill.
You barely miss the orc. The orc barely misses you.
You closely miss the orc. The orc closely misses you.
You hit the orc.
You kill the orc!
Okawaru accepts your kill.
You barely miss the orc. The orc hits you but does no damage.
The orc hits you with a +0 falchion.
* * * LOW HITPOINT WARNING * * *
You slash the orc!
You kill the orc!
You closely miss the kobold. You block the kobold's attack.
You slash the kobold!
You kill the kobold!
Okawaru accepts your kill.
Items here: (( ))))))))) ††††††.
Okay, then.
Found a stone staircase leading down.
An ogre comes into view. It is wielding a +0 giant club.
Found 17 gold pieces.
The ogre shouts!
An ufetubus comes into view.
The ufetubus shouts!
The ufetubus hits you but does no damage.
The ufetubus hits you.
* * * LOW HITPOINT WARNING * * *
The ogre hits you with a +0 giant club!!
You die...

, , #.. ..
,#.. # #.. *
*,......... *
#.#.#.#.# *
#.$......
#.#.#.#.# * ,
#.....>.. * *
* #@5.#.#.. _
* ,
#.O......,*
#....#.## , *
#..### * #..#
, #..# #..# *
#########.<##
* ,
*#.......)..)#


You could see an ogre and an ufetubus.

Vanquished Creatures
  Prince Ribbit (D:5)
  An ice beast (D:5)
  A centaur (D:5)
  3 ogres
  A phantom (D:5)
  A kobold brigand (D:6)
  2 scorpions
  An orc priest (D:3)
  Jessica (D:3)
  Terence (D:3)
  An orc wizard (D:3)
  8 adders
  2 worms (D:3)
  3 dart slugs
  6 orcs
  6 ball pythons
  6 bats
  8 endoplasms
  2 giant cockroaches
  7 goblins
  4 hobgoblins
  3 jackals (D:1)
  12 kobolds
  2 quokkas (D:3)
  3 rats
86 creatures vanquished.

Notes
Turn   | Place    | Note
-------+----------+-------------------------------------------
     0 | D:1      | lunkers the Meteoran Fighter began the quest for the Orb.
     0 | D:1      | Reached XP level 1. HP: 19/19 MP: 2/2
    53 | D:1      | Reached skill level 3 in Maces & Flails
   126 | D:1      | Reached XP level 2. HP: 26/26 MP: 3/3
   166 | D:1      | Found Pud Wuno's Book Shoppe.
   231 | D:1      | Reached skill level 4 in Maces & Flails
   246 | D:1      | Reached XP level 3. HP: 24/31 MP: 4/4
   486 | D:2      | Found a shimmering altar of Xom.
   518 | D:2      | Found Deihutt's Antique Weapon Shop.
   535 | D:2      | Reached skill level 5 in Maces & Flails
   579 | D:2      | Reached XP level 4. HP: 38/38 MP: 5/5
   581 | D:2      | Found a faded altar of an unknown god.
   881 | D:3      | Reached skill level 6 in Maces & Flails
   881 | D:3      | Reached XP level 5. HP: 29/45 MP: 6/6
   949 | D:3      | Noticed Terence
   957 | D:3      | Killed Terence
   958 | D:3      | Reached skill level 7 in Maces & Flails
   960 | D:3      | Reached XP level 6. HP: 37/50 MP: 7/7
  1060 | D:3      | Noticed Jessica
  1067 | D:3      | Killed Jessica
  1100 | D:4      | Reached skill level 8 in Maces & Flails
  1107 | D:4      | Found a stormy altar of Qazlal.
  1172 | D:4      | Noticed an ogre
  1176 | D:4      | Killed an ogre
  1177 | D:4      | Reached XP level 7. HP: 26/57 MP: 8/8
  1233 | D:4      | Reached skill level 9 in Maces & Flails
  1241 | D:4      | Found a staircase to the Ecumenical Temple.
  1253 | Temple   | Entered the Ecumenical Temple
  1366 | Temple   | Became a worshipper of Warmaster Okawaru
  1438 | D:4      | Found a glowing silver altar of Zin.
  1483 | D:5      | Entered Level 5 of the Dungeon
  1531 | D:5      | Reached skill level 10 in Maces & Flails
  1547 | D:5      | Reached XP level 8. HP: 55/63 MP: 9/9
  1577 | D:5      | Noticed Prince Ribbit
  1591 | D:5      | Killed Prince Ribbit
  1591 | D:5      | Reached * piety under Okawaru
  1810 | D:5      | Found Tusefimn's Weapon Shop.
  1838 | D:5      | Reached skill level 5 in Axes
  1936 | D:6      | Mangled by an ogre

Illustrated notes

Levels and vault maps discovered:
D:1:      heliophobic_arrival_ceremonial_halls, layout_basic, serial_shops,
          shop, nrook_loot_triangle
D:2:      layout_loops_corners, shapermc_ecumenical_altar_mp_ritualfount,
          serial_shops, shop, basic_altar
D:3:      layout_rooms, serial_shops, nicolae_shop_statue_plus, shop, shop,
          nicolae_titane, uniq_jessica, uniq_terence
D:4:      corexii_shack_village, layout_rooms, mainiacjoe_overflow_swirl,
          minmay_temple_entry_statues_pillars
D:5:      layout_basic, serial_shops, nicolae_shop_waterfront,
          uniq_prince_ribbit1
D:6:      layout_loops_ring, palyth_temple_overflow_mages,
          nicolae_overflow_crystal_walls, kennysheep_little_box,
          mainiacjoe_overflow_paths, kennysheep_mini, nrook_campfire,
          st_stairs_2
Temple:   nicolae_temple_two_arcs

Skill      XL: |  1  2  3  4  5  6  7  8 |
---------------+-------------------------+-----
Maces & Flails | 3 4 5 6 7 8 10 | 10.6
Axes           | 6 |  6.5
Fighting       | |  3.2
Armour         | |  3.6
Shields        | |  3.6

Action                     |  1- 3 |  4- 6 |  7- 9 || total
---------------------------+-------+-------+-------++-------
  Melee: Flail             |    85 |   111 |    40 ||   236
         War axe           |       |       |    52 ||    52
    Use: Potion            |       |     1 |     1 ||     2
 Armour: Scale mail        |    48 |    34 |    29 ||   111
  Dodge: Dodged            |    35 |    31 |    22 ||    88
  Block: Buckler           |    30 |    25 |    17 ||    72

Table legend: (Time is in decaauts)
 A = Elapsed time spent in this place.
 B = Non-inter-level travel time spent in this place.
 C = Inter-level travel time spent in this place.
 D = Time resting spent in this place.
 E = Time spent auto-exploring this place.
 F = Levels seen in this place.
 G = Mean time per level.
                   A        B        C        D        E       F      G
               +--------+--------+--------+--------+--------+-----+--------+
         Total |   1972 |   1889 |     83 |      0 |   1110 |   7 |  281.7 |
       Dungeon |   1850 |   1767 |     83 |      0 |   1004 |   6 |  308.3 |
        Temple |    121 |    121 |      0 |      0 |    106 |   1 |  121.0 |
               +--------+--------+--------+--------+--------+-----+--------+

Top non-repeatable levels by time:
     D:2: 464 daAuts
     D:5: 417 daAuts
     D:1: 376 daAuts
     D:4: 283 daAuts
     D:3: 267 daAuts
  Temple: 121 daAuts
     D:6: 42 daAuts
